 Dungeon Crawl Stone Soup version 0.32-a0-306-gfed3edf829 (webtiles) character file.

Game seed: 1369472420559008074

63 n00bmints the Ruffian (level 3, -2/37 HPs)
             Began as a Troll Berserker on Feb 15, 2024.
             Was a Follower of Trog.
             Succumbed to Sigmund's poison
             ... on level 3 of the Dungeon.
             The game lasted 00:08:12 (1553 turns).

n00bmints the Ruffian (Troll Berserker)             Turns: 1553, Time: 00:08:12

Health: -2/37      AC:  4    Str: 27    XL:     3   Next: 87%
Magic:  2/2        EV: 10    Int:  3    God:    Trog [*.....]
Gold:   136        SH:  0    Dex:  9    Spells: 2/2 levels left

rFire   . .          .
                       - Unarmed
rCold   + . .        (no shield)
rNeg    . . .        a - +0 animal skin
rPois   .            (helmet restricted)
rElec   .            (no cloak)
rCorr   .            (gloves unavailable)
SInv    .            (boots unavailable)
Will    .....        (no amulet)
Stlth   +            f - ring of protection from cold
HPRegen 1.06/turn    (no ring)
MPRegen 0.08/turn

%: no passive effects
@: mighty, brilliant, lethally poisoned (-2 -> -14)
A: large, unfitting armour, claws 3, regeneration 1, shaggy fur 1, tough skin 1,
evolution 1
a: Renounce Religion, Berserk


You were on level 3 of the Dungeon.
You worshipped Trog.
Trog was aware of your devotion.
You visited 1 branch of the dungeon, and saw 3 of its levels.

You collected 136 gold pieces.

Inventory:

Armour
 a - a +0 animal skin (worn)
Jewellery
 f - a ring of protection from cold (left claw)
Scrolls
 c - a scroll of blinking {unknown}
 d - 3 scrolls of identify {unknown}
 g - a scroll of revelation {unknown}
 h - 2 scrolls of immolation {unknown}
 i - a scroll of teleportation {unknown}
Potions
 b - a potion of mutation
 e - a potion of curing {unknown}
 j - a potion of might
 k - a potion of heal wounds {unknown}
 l - a potion of brilliance


   Skills:
 + Level 3.0 Fighting
 + Level 3.1 Dodging
 + Level 3.6 Unarmed Combat


You had 2 spell levels left.
You didn't know any spells.
Your spell library contained the following spells:

 Spells                   Type           Power      Damage    Failure   Level
 Fugue of the Fallen      Necr           0%         N/A       88%         3
 Ozocubu's Armour         Ice            0%         N/A       88%         3
 Manifold Assault         Tloc           0%         N/A       99%         4


Dungeon Overview and Level Annotations

Branches:
Dungeon (3/15)

Altars:
Yredelemnul

Annotations:
D:3 Sigmund


Innate Abilities, Weirdness & Mutations

You are too large for most types of armour.
You have claws for hands.
Your natural rate of healing is unusually fast.
You are covered in fur. (AC +1)
You have tough skin. (AC +1)
You have hidden genetic potential.


Message History

You feel less confused. Sigmund closely misses you.
You closely miss Sigmund. Sigmund gestures at you while chanting.
You are confused.
You bump into the rock wall.
Sigmund barely misses you.
You bump into the rock wall.
Sigmund hits you with a +4 scythe of venom!
You are poisoned.
You bump into the rock wall.
You feel very sick.
You're too confused to move!
You feel very sick. Sigmund barely misses you.
You bump into the rock wall.
You feel sick. Sigmund completely misses you.
You're too confused to move!
You feel sick.
You bump into the rock wall.
You feel less confused.
You feel sick.
Sigmund hits you with a +4 scythe of venom!
You are more poisoned.
You scratch Sigmund.
Sigmund is lightly wounded.
* * * LOW HITPOINT WARNING * * *
You feel very sick. Sigmund misses you.
It was a potion of might.
You feel very mighty all of a sudden.
* * * LOW HITPOINT WARNING * * *
You feel very sick.
It was a potion of brilliance.
You feel clever all of a sudden.
* * * LOW HITPOINT WARNING * * *
You feel very sick.
Sigmund hits you with a +4 scythe of venom.
* * * LOW HITPOINT WARNING * * *
You are more poisoned.
It was a potion of mutation.
You feel extremely strange.
You feel a hidden potential growing inside you.
You die...

#.# # #.# #.# #+#
#.####.#.# #..# #.#......
#...# #.#.##.########
##....# #..............
.......####....##########
.......@@................
.......####....##########
##....# ####.# #...# ....
#..# ###### #+#


You could see Sigmund.

Vanquished Creatures
  2 adders (D:2)
  A ribbon worm (D:2)
  2 ball pythons
  4 bats
  3 endoplasms (D:1)
  A giant cockroach (D:1)
  3 goblins
  2 hobgoblins (D:2)
  A quokka (D:2)
  A frilled lizard (D:1)
  A kobold (D:1)
  3 rats
24 creatures vanquished.

Notes
Turn   | Place    | Note
-------+----------+-------------------------------------------
     0 | D:1      | n00bmints the Troll Berserker began the quest for the Orb.
     0 | D:1      | Reached XP level 1. HP: 22/22 MP: 0/0
    60 | D:1      | Reached XP level 2. HP: 29/29 MP: 1/1
   256 | D:1      | Found a faded altar of an unknown god.
   964 | D:2      | Reached XP level 3. HP: 36/36 MP: 2/2
  1233 | D:2      | Found a basalt altar of Yredelemnul.
  1533 | D:3      | Noticed Sigmund
  1553 | D:3      | Gained mutation: You have hidden genetic potential. [potion
                  | of mutation]
  1553 | D:3      | Succumbed to Sigmund's poison

Illustrated notes

Levels and vault maps discovered:
D:1:      noname_arrival_rooms_in_the_neighbourhood, layout_basic,
          shapermc_ecumenical_altar_flowoftime
D:2:      layout_basic, basic_altar, minmay_tromino_v2
D:3:      kennysheep_the_goblin_king, layout_loops_corners,
          nicolae_ashenzari_skybound, mainiacjoe_overflow_divided_tiny,
          serial_co_window_serial, co_window_paths_a, co_window_corner_a,
          co_window_paths_a, co_window_cross_1, co_window_of_opportunity_a,
          co_window_of_opportunity_a, co_window_corner_a, co_window_2corner,
          co_window_cross_3, co_window_corner_b, co_window_paths_d,
          glass_columns_c, uniq_natasha, uniq_sigmund

Skill      XL: |  1  2  3 |
---------------+----------+-----
Dodging        | 3 |  3.1
Fighting       | 3 |  3.0
Unarmed Combat | |  3.6

Action                     || total
---------------------------++-------
  Melee: Unarmed           ||   107
    Use: Potion            ||     3
 Armour: Animal skin       ||    77
  Dodge: Dodged            ||    74

Table legend: (Time is in decaauts)
 A = Elapsed time spent in this place.
 B = Non-inter-level travel time spent in this place.
 C = Inter-level travel time spent in this place.
 D = Time resting spent in this place.
 E = Time spent auto-exploring this place.
 F = Levels seen in this place.
 G = Mean time per level.
                   A        B        C        D        E       F      G
               +--------+--------+--------+--------+--------+-----+--------+
         Total |   1545 |   1532 |     13 |      0 |      0 |   3 |  515.0 |
       Dungeon |   1545 |   1532 |     13 |      0 |      0 |   3 |  515.0 |
               +--------+--------+--------+--------+--------+-----+--------+

Top non-repeatable levels by time:
     D:1: 899 daAuts
     D:2: 596 daAuts
     D:3: 50 daAuts
